 Dungeon Crawl Stone Soup version 0.23-a0-642-g3120c2f (webtiles) character file.

247 MisterFreud the Slasher (level 6, -1/39 HPs)
             Began as an Octopode Gladiator on Dec 30, 2018.
             Succumbed to kobold's curare-tipped needle
             ... on level 3 of the Dungeon.
             The game lasted 00:04:16 (2220 turns).

MisterFreud the Slasher (Octopode Gladiator)        Turns: 2220, Time: 00:04:16

Health: -1/39      AC:  1    Str: 10 (13) XL:     6   Next: 11%
Magic:  6/6        EV: 14    Int: 11 (12) God:
Gold:   92         SH:  0    Dex: 13 (14) Spells: 5/5 levels left

rFire    . . .     SeeInvis .   a - +1 long sword
rCold    . . .     Gourm    .   (no shield)
rNeg     . . .     Faith    .   b - +0 hat
rPois    .         Spirit   .   (no amulet)
rElec    .         Reflect  .   (no ring)
rCorr    .         Harm     .   (no ring)
MR       .....                  (no ring)
Stlth    ++........             (no ring)
HPRegen  0.13/turn              (no ring)
MPRegen  0.10/turn              (no ring)
                                (no ring)
                                (no ring)

@: lethally poisoned (-1 -> -23), slowed, very slow
A: almost no armour, stealthy swim, amphibious, 8 rings, constrict 8, camouflage
1, gelatinous body 1
a: no special abilities


You were on level 3 of the Dungeon.
You were not hungry.

You visited 1 branch of the dungeon, and saw 3 of its levels.

You collected 92 gold pieces.

Inventory:

Hand Weapons
 a - a +1 long sword (weapon)
Missiles
 c - 3 throwing nets (quivered)
 g - 125 stones
 j - 37 sling bullets
 m - 8 javelins
 o - 45 arrows
 r - 2 tomahawks
Armour
 b - a +0 hat (worn)
Wands
 e - a wand of random effects (12)
Scrolls
 f - 2 scrolls of identify
 h - a scroll of amnesia
 i - 3 scrolls of remove curse
 l - a scroll of enchant weapon
Comestibles
 d - 8 rations
 k - 9 chunks of flesh


   Skills:
 - Level 2.1 Fighting
 + Level 6.4 Long Blades
 - Level 2.0 Throwing
 - Level 3.3 Dodging


You had 5 spell levels left.
You didn't know any spells.
Your spell library was empty.

Dungeon Overview and Level Annotations

Branches:
Dungeon (3/15)

Altars:
Gozag
Ru


Innate Abilities, Weirdness & Mutations

You cannot wear most types of armour.
You are very stealthy in the water. (Stealth+)
You are amphibious.
You can wear up to eight rings at the same time.
You can use your tentacles to constrict eight enemies at once.
Your skin changes colour to match your surroundings (Stealth+).
Your rubbery body absorbs attacks. (AC +1, EV +1)


Message History

Your magical effects are unravelling.
You feel magically purged.
You feel less invigorated.
You feel yourself speed up.
You feel less confused.
You feel sick.
The kobold throws a stone.
The stone misses you.
The kobold shoots a curare-tipped needle.
The curare-tipped needle hits you.
You are lethally poisoned!
You have difficulty breathing.
* * * LOW HITPOINT WARNING * * *
You feel yourself slow down.
The kobold throws a stone.
The stone hits you.
* * * LOW HITPOINT WARNING * * *
It was a potion of degeneration.
There was something very wrong with that liquid.
You feel weakened.
You feel dopey.
You feel clumsy.
* * * LOW HITPOINT WARNING * * *
You feel very sick.
* * * LOW HITPOINT WARNING * * *
You feel very sick.
The kobold unwields a +0 blowgun.
The kobold completely misses you.
You die...

#### #.........# ..#######
###.........#
##.#.....###...........#
###..#.....#...#÷........#
#............###.........##
##.#.#.<....### #.##.......##
...#........# ##.#.÷.......#
.....##.....# #..#..)......#
.....##.....# ##@##.........#
...#.##.....###..##.........#
..<..#########(K###.........#
.............K..(.w........######
...#.#########.####............).
..##.# ###(###..÷......w####. ..
#.# #####...##..)).......# #. ..
.# ........##...........# #. ..
...........#.........# #w


You could see 2 kobolds.

Vanquished Creatures
  An orc wizard (D:3)
  An orc priest (D:3)
  Jessica (D:2)
  Terence (D:2)
  Robin (D:2)
  3 adders
  An ooze (D:2)
  A worm (D:3)
  2 dart slugs (D:1)
  3 leopard geckos
  5 orcs (D:3)
  5 bats
  5 giant cockroaches
  19 goblins
  6 hobgoblins
  2 jackals (D:2)
  A quokka (D:2)
  A ball python (D:2)
  4 frilled lizards
  9 kobolds
  7 rats
79 creatures vanquished.

Notes
Turn   | Place    | Note
-------+----------+-------------------------------------------
     0 | D:1      | MisterFreud the Octopode Gladiator began the quest for the
                  | Orb.
     0 | D:1      | Reached XP level 1. HP: 14/14 MP: 1/1
   309 | D:1      | Reached XP level 2. HP: 19/19 MP: 2/2
   697 | D:1      | Reached XP level 3. HP: 24/24 MP: 3/3
  1011 | D:2      | Noticed Jessica
  1024 | D:2      | Noticed Terence
  1037 | D:2      | Killed Terence
  1037 | D:2      | Reached skill level 4 in Long Blades
  1037 | D:2      | Reached XP level 4. HP: 18/29 MP: 4/4
  1044 | D:2      | Killed Jessica
  1234 | D:2      | Noticed Robin
  1274 | D:2      | Reached skill level 5 in Long Blades
  1286 | D:2      | Killed Robin
  1290 | D:2      | Reached XP level 5. HP: 17/34 MP: 5/5
  1520 | D:2      | Found an opulent altar of Gozag.
  1862 | D:2      | Found a sacrificial altar of Ru.
  2049 | D:3      | Reached skill level 6 in Long Blades
  2193 | D:3      | Reached XP level 6. HP: 13/39 MP: 6/6
  2220 | D:3      | Succumbed to kobold's curare-tipped needle

Vault maps used:
D:1:      dpeg_arrival_tiny_f
D:2:      grunt_gozag_breadcrumbs, first_ration,
          nicolae_ru_sacrificial_ziggurat, uniq_jessica, uniq_terence,
          uniq_robin

Skill      XL: |  1  2  3  4  5 |
---------------+----------------+-----
Long Blades    | 4 5 6 |  6.4
Fighting       | |  2.1
Throwing       | |  2.0
Dodging        | |  3.3

Action                   |  1- 3 |  4- 6 || total
-------------------------+-------+-------++-------
Melee: Long sword        |    34 |    93 ||   127
       Constrict         |    14 |    31 ||    45
       Tentacles         |    11 |    17 ||    28
  Use: Scroll            |     7 |       ||     7
       Potion            |     1 |     3 ||     4
 Stab: Sleeping          |     5 |     3 ||     8
  Eat: Chunk             |       |     4 ||     4
Armor: Skin              |     1 |     3 ||     4
Dodge: Dodged            |    24 |    71 ||    95
       Rpst.: Long sword |     9 |    18 ||    27

Table legend:
 A = Non-vault XP
 B = Vault XP
 C = Vault XP percentage of total XP
 D = Non-vault monster count
 E = Vault monster count
 F = Vault count percentage of total count
                 A         B        C        D         E       F
            +---------+---------+-------+---------+---------+-------
      Total |     248 |     106 |  29.9 |      66 |      13 |  16.5
            +---------+---------+-------+---------+---------+-------
        D:1 |      43 |       0 |   0.0 |      22 |       0 |   0.0
        D:2 |      70 |     106 |  60.2 |      31 |      13 |  29.5
        D:3 |     135 |       0 |   0.0 |      13 |       0 |   0.0
            +---------+---------+-------+---------+---------+-------
